[Event "FICS rated lightning game"]
[Site "FICS freechess.org"]
[FICSGamesDBGameNo "20000261"]
[White "nader"]
[Black "ghee(FM)"]
[WhiteElo "1898"]
[BlackElo "2007"]
[WhiteRD "na"]
[BlackRD "na"]
[TimeControl "120+0"]
[Date "1999.03.06"]
[Time "00:56:00"]
[WhiteClock "0:02:00.000"]
[BlackClock "0:02:00.000"]
[ECO "D01"]
[PlyCount "46"]
[Result "0-1"]

1. d4 Nf6 2. Nc3 d5 3. Bg5 Bf5 4. f3 Nbd7 5. e4 dxe4 6. Bc4 c6 7. Qd2 h6 8. Bh4 Qb6 9. O-O-O e6 10. g4 Bg6 11. h3 Bb4 12. a3 Ba5 13. b4 Bxb4 14. axb4 e3 15. Qxe3 Qxb4 16. Bxe6 O-O-O 17. Bxf6 gxf6 18. Bb3 Nc5 19. Na2 Qa3+ 20. Kd2 Nxb3+ 21. Qxb3 Rxd4+ 22. Ke2 Re8+ 23. Kf2 Qxb3 {White resigns} 0-1

[Event "FICS rated standard game"]
[Site "FICS freechess.org"]
[FICSGamesDBGameNo "20000260"]
[White "Zahlman"]
[Black "JeKar"]
[WhiteElo "1365"]
[BlackElo "1354"]
[WhiteRD "na"]
[BlackRD "na"]
[TimeControl "900+15"]
[Date "1999.03.05"]
[Time "23:15:00"]
[WhiteClock "0:15:00.000"]
[BlackClock "0:15:00.000"]
[ECO "B02"]
[PlyCount "83"]
[Result "1-0"]

1. e4 Nf6 2. e5 Nd5 3. c4 Nf4 4. g3 Ng6 5. d4 e6 6. Bg2 c5 7. Nf3 Nc6 8. d5 Ncxe5 9. Nxe5 Nxe5 10. Qe2 Bd6 11. f4 Qa5+ 12. Nc3 Ng6 13. f5 Ne5 14. Bf4 Qb4 15. O-O Nxc4 16. a3 Qxb2 17. Qxb2 Nxb2 18. Bxd6 f6 19. fxe6 dxe6 20. Nb5 Kd7 21. dxe6+ Kxe6 22. Rae1+ Kf7 23. Re7+ Kg6 24. Be4+ f5 25. Nc7 Rb8 26. Bc2 b5 27. Re6+ Bxe6 28. Nxe6 Rhe8 29. Bxf5+ Kh6 30. Bxb8 Rxb8 31. Be4 Nc4 32. h4 Ne3 33. Rc1 Re8 34. Ng5 g6 35. Rxc5 a6 36. Kf2 Ng4+ 37. Ke2 Nf6 38. Kd3 Nxe4 39. Nxe4 Rg8 40. Ng5 Kh5 41. Nxh7+ Kg4 42. Nf6+ {Black resigns} 1-0

[Event "FICS rated blitz game"]
[Site "FICS freechess.org"]
[FICSGamesDBGameNo "20000259"]
[White "vbigmax"]
[Black "chessvan"]
[WhiteElo "1076"]
[BlackElo "1190"]
[WhiteRD "na"]
[BlackRD "na"]
[TimeControl "300+10"]
[Date "1999.03.05"]
[Time "13:29:00"]
[WhiteClock "0:05:00.000"]
[BlackClock "0:05:00.000"]
[ECO "C21"]
[PlyCount "86"]
[Result "0-1"]

1. e4 e5 2. d4 exd4 3. c3 dxc3 4. Bc4 d5 5. Bxd5 Nf6 6. Bxf7+ Ke7 7. Bd5 c6 8. Bb3 Qxd1+ 9. Bxd1 Nxe4 10. Nf3 g6 11. O-O Kd8 12. Nxc3 Nxc3 13. bxc3 Bd6 14. Bg5+ Kc7 15. Nd4 c5 16. Nb5+ Kc6 17. Nxd6 Kxd6 18. Re1 Nc6 19. Bf4+ Kd7 20. Bg4+ Kd8 21. Bg5+ Kc7 22. Bxc8 Raxc8 23. Re7+ Kb6 24. Rb1+ Ka6 25. Rexb7 Rhe8 26. Be3 Na5 27. R7b5 Re5 28. f4 Rxe3 29. R1b3 Nxb3 30. Rxb3 c4 31. Ra3+ Kb7 32. Ra4 Rxc3 33. Rb4+ Kc6 34. Ra4 Rc7 35. Ra6+ Kb5 36. Rd6 Rd3 37. Re6 c3 38. Re5+ Kb6 39. Re6+ Kb7 40. g4 c2 41. Re1 Rd2 42. f5 c1=Q 43. Rxc1 Rxc1# {White checkmated} 0-1

[Event "FICS rated lightning game"]
[Site "FICS freechess.org"]
[FICSGamesDBGameNo "20000258"]
[White "Eomer"]
[Black "Sasha"]
[WhiteElo "1800"]
[BlackElo "1520"]
[WhiteRD "na"]
[BlackRD "na"]
[TimeControl "60+0"]
[Date "1999.03.05"]
[Time "10:04:00"]
[WhiteClock "0:01:00.000"]
[BlackClock "0:01:00.000"]
[ECO "C00"]
[PlyCount "66"]
[Result "1-0"]

1. e4 e6 2. b3 d5 3. Bb2 Nf6 4. exd5 exd5 5. d3 Bd6 6. Nd2 h6 7. Ngf3 Be6 8. Be2 Nbd7 9. O-O O-O 10. Nd4 c6 11. Nxe6 fxe6 12. Bf3 Rc8 13. Re1 Bb8 14. Rxe6 Qc7 15. g3 Rce8 16. Rxe8 Rxe8 17. Nf1 Ne5 18. Bg2 Rf8 19. Qd2 Nfg4 20. Bd4 c5 21. Be3 d4 22. Bf4 Qf7 23. Re1 g5 24. Bxe5 Bxe5 25. Rxe5 Nxe5 26. h3 Nf3+ 27. Bxf3 Qxf3 28. Nh2 Qxf2+ 29. Qxf2 Rxf2 30. Kxf2 Kg7 31. Ng4 Kg6 32. Nh2 h5 33. Kf3 Kf5 {Black forfeits on time} 1-0

[Event "FICS rated blitz game"]
[Site "FICS freechess.org"]
[FICSGamesDBGameNo "20000257"]
[White "cdavid"]
[Black "Jozha"]
[WhiteElo "1376"]
[BlackElo "1394"]
[WhiteRD "na"]
[BlackRD "na"]
[TimeControl "180+2"]
[Date "1999.03.05"]
[Time "04:24:00"]
[WhiteClock "0:03:00.000"]
[BlackClock "0:03:00.000"]
[ECO "B71"]
[PlyCount "62"]
[Result "0-1"]

1. e4 c5 2. Nc3 Nc6 3. f4 d6 4. Nf3 Nf6 5. d4 cxd4 6. Nxd4 g6 7. Be3 Bg7 8. Nxc6 bxc6 9. Bc4 O-O 10. Qd2 Qa5 11. O-O Qb4 12. b3 a5 13. Rab1 a4 14. Nxa4 Rxa4 15. bxa4 Qxc4 16. Rb8 Nxe4 17. Qb4 Qe2 18. Ba7 Ba6 19. Rxf8+ Bxf8 20. Qb1 Kg7 21. Bd4+ e5 22. fxe5 dxe5 23. Bxe5+ f6 24. Bd4 c5 25. Bf2 Bd6 26. Qe1 Bxh2+ 27. Kxh2 Qxe1 28. Rxe1 Nxf2 29. Re7+ Kh6 30. Ra7 Kg5 31. Rxa6 Ng4+ {White forfeits on time} 0-1

[Event "FICS rated lightning game"]
[Site "FICS freechess.org"]
[FICSGamesDBGameNo "20000256"]
[White "BlueKazoo"]
[Black "occam"]
[WhiteElo "1571"]
[BlackElo "1503"]
[WhiteRD "na"]
[BlackRD "na"]
[TimeControl "0+1"]
[Date "1999.03.04"]
[Time "21:08:00"]
[WhiteClock "0:10.000"]
[BlackClock "0:10.000"]
[ECO "D02"]
[PlyCount "29"]
[Result "1-0"]

1. d4 d5 2. Nf3 Nc6 3. Bg5 Bg4 4. Ne5 Nxe5 5. dxe5 f6 6. exf6 Nxf6 7. Be3 Qd6 8. f3 Bf5 9. Nc3 e5 10. b4 d4 11. Nb5 Qxb4+ 12. Bd2 Qxb5 13. e3 Qd7 14. e4 Be6 15. Qe2 {Black forfeits on time} 1-0

[Event "FICS rated blitz game"]
[Site "FICS freechess.org"]
[FICSGamesDBGameNo "20000255"]
[White "jmogan"]
[Black "Thorgon"]
[WhiteElo "1181"]
[BlackElo "1196"]
[WhiteRD "na"]
[BlackRD "na"]
[TimeControl "300+12"]
[Date "1999.03.04"]
[Time "19:18:00"]
[WhiteClock "0:05:00.000"]
[BlackClock "0:05:00.000"]
[ECO "B70"]
[PlyCount "112"]
[Result "0-1"]

1. e4 c5 2. Nf3 d6 3. d4 cxd4 4. Nxd4 Nf6 5. Nc3 g6 6. Bb5+ Bd7 7. Bxd7+ Qxd7 8. O-O Bg7 9. Re1 O-O 10. e5 dxe5 11. Rxe5 e6 12. Bf4 Ng4 13. Qxg4 Qxd4 14. Rd1 Qb6 15. Rb5 Qc6 16. Rd6 Qc4 17. Rxb7 Nc6 18. Rc7 Bxc3 19. Rcxc6 Qxa2 20. bxc3 Qxc2 21. Rd2 Qe4 22. h3 Qxc6 23. Qh4 Qxc3 24. Rd1 Qb3 25. Rf1 Rad8 26. Be5 f5 27. Qh6 Rf7 28. Qg5 Rd1 29. Rxd1 Qxd1+ 30. Kh2 Qd7 31. Qe3 a5 32. Ba1 Qc6 33. Qe5 Qc7 34. g3 Qxe5 35. Bxe5 Rb7 36. Kg2 Kf7 37. Kf3 g5 38. g4 Kg6 39. gxf5+ exf5 40. Kg3 a4 41. h4 h6 42. hxg5 hxg5 43. f4 g4 44. Kh4 a3 45. Bd6 a2 46. Be5 Rb1 47. Kg3 Kh5 48. Bf6 a1=Q 49. Bxa1 Rxa1 50. Kf2 Kh4 51. Kg2 Ra2+ 52. Kg1 Kg3 53. Kf1 Kxf4 54. Kg1 Kf3 55. Kh1 g3 56. Kg1 Ra1# {White checkmated} 0-1

[Event "FICS rated blitz game"]
[Site "FICS freechess.org"]
[FICSGamesDBGameNo "20000254"]
[White "garrote"]
[Black "sardiniak"]
[WhiteElo "1445"]
[BlackElo "1366"]
[WhiteRD "na"]
[BlackRD "na"]
[TimeControl "120+12"]
[Date "1999.03.04"]
[Time "15:49:00"]
[WhiteClock "0:02:00.000"]
[BlackClock "0:02:00.000"]
[ECO "C61"]
[PlyCount "83"]
[Result "1/2-1/2"]

1. e4 e5 2. Nf3 Nc6 3. Bb5 Nd4 4. Nxd4 exd4 5. d3 Bc5 6. O-O Ne7 7. a3 O-O 8. Nd2 c6 9. Bc4 d5 10. exd5 Nxd5 11. Nf3 Bg4 12. Bd2 Re8 13. c3 Qf6 14. cxd4 Bxd4 15. Bxd5 cxd5 16. Rb1 Bxf3 17. Qxf3 Qxf3 18. gxf3 Re2 19. Bc3 Bb6 20. d4 Rae8 21. f4 R8e4 22. Rbe1 Rxe1 23. Rxe1 Rxe1+ 24. Bxe1 Bxd4 25. Bc3 Bb6 26. Kf1 d4 27. Bd2 f6 28. Ke2 Kf7 29. f5 Ke7 30. Kd3 Kd6 31. Bf4+ Kd5 32. f3 h5 33. h4 a5 34. b3 Bc5 35. a4 Bd6 36. Bxd6 Kxd6 37. Kxd4 b6 38. f4 Kc6 39. Kc4 Kd6 40. Kd4 Kc6 41. Kc4 Kd6 42. Kd4 {Game drawn by repetition} 1/2-1/2

[Event "FICS rated blitz game"]
[Site "FICS freechess.org"]
[FICSGamesDBGameNo "20000253"]
[White "RogerS"]
[Black "rafguy"]
[WhiteElo "1986"]
[BlackElo "1941"]
[WhiteRD "na"]
[BlackRD "na"]
[TimeControl "180+0"]
[Date "1999.03.04"]
[Time "15:37:00"]
[WhiteClock "0:03:00.000"]
[BlackClock "0:03:00.000"]
[ECO "B12"]
[PlyCount "138"]
[Result "0-1"]

1. d4 c6 2. e4 d5 3. e5 Bf5 4. Nc3 h6 5. g4 Bd7 6. Be3 e6 7. Bd3 c5 8. dxc5 Nc6 9. f4 d4 10. Bf2 dxc3 11. bxc3 Qa5 12. Qd2 Bxc5 13. Nf3 Bxf2+ 14. Kxf2 Nge7 15. Kg2 Rc8 16. Qe2 Qxc3 17. Rad1 Nd5 18. Qe4 Ncb4 19. f5 Bc6 20. fxe6 Nxd3 21. exf7+ Kf8 22. cxd3 Ne7 23. Qf4 g5 24. Qf6 Rh7 25. e6 Qc2+ 26. Kg3 Bxf3 27. Qxf3 Rc3 28. Rhe1 Rg7 29. Re3 Rg6 30. Rde1 Rf6 31. Qxb7 Qf2+ 32. Kh3 Rc2 33. Qb8+ Rc8 34. Qg3 Qxa2 35. d4 Ng6 36. d5 Nf4+ 37. Qxf4 Rxf4 38. e7+ Kxf7 39. e8=Q+ Rxe8 40. Rxe8 Rf2 41. R8e7+ Kf8 42. Re8+ Kg7 43. R8e7+ Rf7 44. Rxf7+ Kxf7 45. Re3 Qxd5 46. Kg3 Qd6+ 47. Kf2 a5 48. Rf3+ Kg6 49. Re3 Qc5 50. Ke2 Qxe3+ 51. Kxe3 a4 52. Kd4 a3 53. Kc3 a2 54. Kb2 Kf6 55. Kxa2 Ke5 56. Kb2 Kf4 57. Kc2 Kxg4 58. Kd2 Kh3 59. Ke2 Kxh2 60. Kf3 Kh3 61. Ke4 g4 62. Kf5 g3 63. Kg6 g2 64. Kh7 g1=Q 65. Kh8 Qg5 66. Kh7 Kg4 67. Kh8 Kf5 68. Kh7 Kf6 69. Kh8 Qg7# {White checkmated} 0-1

[Event "FICS rated blitz game"]
[Site "FICS freechess.org"]
[FICSGamesDBGameNo "20000252"]
[White "vlajce"]
[Black "Chagoyo"]
[WhiteElo "1867"]
[BlackElo "1822"]
[WhiteRD "na"]
[BlackRD "na"]
[TimeControl "180+0"]
[Date "1999.03.04"]
[Time "12:22:00"]
[WhiteClock "0:03:00.000"]
[BlackClock "0:03:00.000"]
[ECO "B50"]
[PlyCount "111"]
[Result "1-0"]

1. e4 c5 2. Nf3 d6 3. c3 g6 4. Bd3 Bg7 5. Bc2 Nc6 6. O-O Nf6 7. h3 O-O 8. d4 cxd4 9. cxd4 a6 10. Nc3 b5 11. Be3 Bb7 12. Rc1 Rc8 13. e5 dxe5 14. dxe5 Nd7 15. e6 fxe6 16. Bb3 Nf6 17. Bxe6+ Kh8 18. Bxc8 Bxc8 19. Qxd8 Rxd8 20. Rfd1 Rxd1+ 21. Rxd1 Bb7 22. Nd4 b4 23. Na4 Nd5 24. Ne6 Nxe3 25. fxe3 Bh6 26. Kf2 Kg8 27. Rd7 Ba8 28. Nb6 Kf7 29. Nc5 Ne5 30. Ra7 Be4 31. Nxe4 Nc6 32. Rxa6 Ne5 33. Nc5 Bg7 34. Nc8 Nc4 35. b3 Nd6 36. Nxd6+ exd6 37. Ra7+ Kf8 38. Rxg7 Kxg7 39. Na6 Kf6 40. Nxb4 Ke5 41. a4 d5 42. a5 Kd6 43. a6 Kc7 44. Nxd5+ Kb8 45. b4 Ka7 46. b5 h6 47. g4 h5 48. gxh5 gxh5 49. h4 Kb8 50. b6 Ka8 51. b7+ Kb8 52. Ne7 Ka7 53. Nc6+ Kb6 54. b8=Q+ Kxa6 55. Nd4 Ka5 56. Qb5# {Black checkmated} 1-0

[Event "FICS rated blitz game"]
[Site "FICS freechess.org"]
[FICSGamesDBGameNo "20000251"]
[White "ambi"]
[Black "Quire"]
[WhiteElo "1423"]
[BlackElo "1409"]
[WhiteRD "na"]
[BlackRD "na"]
[TimeControl "120+12"]
[Date "1999.03.03"]
[Time "22:30:00"]
[WhiteClock "0:02:00.000"]
[BlackClock "0:02:00.000"]
[ECO "C00"]
[PlyCount "136"]
[Result "0-1"]

1. e4 e6 2. f4 d5 3. e5 c5 4. Nf3 Nc6 5. Bb5 Ne7 6. O-O Qb6 7. Qe2 Nf5 8. c4 Bd7 9. Nc3 Ncd4 10. Bxd7+ Kxd7 11. Nxd4 Nxd4 12. Qh5 Ke8 13. cxd5 exd5 14. Nxd5 Qd8 15. Ne3 g6 16. Qg4 h5 17. Qd1 h4 18. h3 Bh6 19. b3 Ne6 20. f5 Bxe3+ 21. dxe3 Qxd1 22. Rxd1 gxf5 23. Bb2 b6 24. Rd6 Ke7 25. Rad1 Rad8 26. Kf2 Rhg8 27. Kf3 Rg3+ 28. Kf2 Rgg8 29. Kf3 Rg3+ 30. Kf2 Rgg8 31. Kf3 Ng5+ 32. Ke2 Rxd6 33. exd6+ Kd7 34. Bf6 Ne4 35. Bxh4 Rxg2+ 36. Kf3 Rxa2 37. Rd5 Nxd6 38. Bg3 Ke6 39. Rxd6+ Ke7 40. Be5 Ra3 41. Rd3 Ke6 42. Bb2 Ra2 43. Rd2 Ra5 44. e4 fxe4+ 45. Ke3 f5 46. Rh2 Rb5 47. Kf4 Rxb3 48. h4 Rf3+ 49. Kg5 Rg3+ 50. Kh6 c4 51. Bc1 Rg8 52. Rh3 b5 53. Bf4 a5 54. Rg3 Rh8+ 55. Kg5 Rg8+ 56. Kh6 Rxg3 57. Bxg3 Kf6 58. Bc7 a4 59. Ba5 f4 60. Bc3+ Kf5 61. h5 e3 62. Be1 f3 63. Kg7 f2 64. Bxf2 exf2 65. h6 f1=Q 66. h7 Qg2+ 67. Kh8 Kg6 68. Kg8 Qa8# {White checkmated} 0-1

[Event "FICS rated standard game"]
[Site "FICS freechess.org"]
[FICSGamesDBGameNo "20000250"]
[White "Pankrac"]
[Black "mkelem"]
[WhiteElo "1988"]
[BlackElo "1954"]
[WhiteRD "na"]
[BlackRD "na"]
[TimeControl "960+0"]
[Date "1999.03.03"]
[Time "12:45:00"]
[WhiteClock "0:16:00.000"]
[BlackClock "0:16:00.000"]
[ECO "A00"]
[PlyCount "46"]
[Result "0-1"]

1. e3 e6 2. b3 f5 3. Qh5+ g6 4. Qd1 Bg7 5. Nc3 d5 6. Rb1 Ne7 7. Bb2 O-O 8. Nf3 e5 9. Be2 c5 10. O-O d4 11. Nb5 a6 12. Na3 Nbc6 13. Nc4 b5 14. Na3 Qd6 15. exd4 exd4 16. Re1 Bb7 17. c4 b4 18. Nc2 d3 19. Bxd3 Qxd3 20. Rxe7 Nxe7 21. Bxg7 Kxg7 22. Qe1 Be4 23. Ne3 Qxb1 {White resigns} 0-1

[Event "FICS rated blitz game"]
[Site "FICS freechess.org"]
[FICSGamesDBGameNo "20000249"]
[White "Kajake"]
[Black "Bangkokian"]
[WhiteElo "1786"]
[BlackElo "1857"]
[WhiteRD "na"]
[BlackRD "na"]
[TimeControl "180+0"]
[Date "1999.03.03"]
[Time "11:14:00"]
[WhiteClock "0:03:00.000"]
[BlackClock "0:03:00.000"]
[ECO "B33"]
[PlyCount "51"]
[Result "1-0"]

1. e4 c5 2. Nf3 Nc6 3. d4 cxd4 4. Nxd4 Nf6 5. Nc3 e5 6. Nxc6 bxc6 7. Bg5 Be7 8. Bc4 O-O 9. Bb3 d6 10. O-O Be6 11. f4 Bxb3 12. axb3 h6 13. fxe5 hxg5 14. exf6 Bxf6 15. Qf3 Qb6+ 16. Kh1 Rad8 17. Qf5 Rfe8 18. h3 Re5 19. Qf3 d5 20. exd5 cxd5 21. Rad1 Re3 22. Qf5 Qe6 23. Nxd5 Re5 24. Nxf6+ Qxf6 25. Qxf6 gxf6 26. Rxd8+ {Black resigns} 1-0

[Event "FICS rated blitz game"]
[Site "FICS freechess.org"]
[FICSGamesDBGameNo "20000248"]
[White "Andouille"]
[Black "jkell"]
[WhiteElo "1560"]
[BlackElo "1662"]
[WhiteRD "na"]
[BlackRD "na"]
[TimeControl "120+8"]
[Date "1999.03.02"]
[Time "16:35:00"]
[WhiteClock "0:02:00.000"]
[BlackClock "0:02:00.000"]
[ECO "B33"]
[PlyCount "71"]
[Result "1-0"]

1. e4 c5 2. Nf3 Nc6 3. d4 cxd4 4. Nxd4 Nf6 5. Nc3 e5 6. Ndb5 d6 7. Bg5 a6 8. Na3 b5 9. Nd5 Be7 10. Bxf6 Bxf6 11. c3 O-O 12. Nc2 Be6 13. Nce3 Bg5 14. Be2 Bxe3 15. Nxe3 Ne7 16. Bf3 Rb8 17. b3 f5 18. O-O fxe4 19. Bxe4 d5 20. Bf3 e4 21. Bg4 Nf5 22. Nxf5 Bxf5 23. Bxf5 Rxf5 24. Qd4 Qb6 25. Rad1 Qxd4 26. Rxd4 Rc8 27. Rc1 Re5 28. c4 dxc4 29. bxc4 bxc4 30. Rdxc4 Rxc4 31. Rxc4 a5 32. Kf1 Kf7 33. Ke2 h5 34. Ke3 Rg5 35. g3 Rb5 36. a4 {Black forfeits on time} 1-0

[Event "FICS rated blitz game"]
[Site "FICS freechess.org"]
[FICSGamesDBGameNo "20000247"]
[White "MichelP"]
[Black "TheCoF"]
[WhiteElo "1691"]
[BlackElo "1019"]
[WhiteRD "na"]
[BlackRD "na"]
[TimeControl "120+10"]
[Date "1999.03.02"]
[Time "13:01:00"]
[WhiteClock "0:02:00.000"]
[BlackClock "0:02:00.000"]
[ECO "D11"]
[PlyCount "47"]
[Result "1-0"]

1. d4 d5 2. c4 c6 3. Nc3 Bf5 4. Nf3 Nd7 5. Qb3 Ngf6 6. cxd5 Rb8 7. dxc6 bxc6 8. Qa4 e6 9. Qxc6 Be7 10. e3 O-O 11. Bc4 Rb6 12. Qa4 Bg4 13. Be2 Rd6 14. e4 Nb6 15. Qxa7 Nbd7 16. e5 Bxf3 17. exd6 Bxe2 18. dxe7 Qxe7 19. Nxe2 e5 20. O-O exd4 21. Nxd4 Qd6 22. Nf5 Qe5 23. Ng3 Ng4 24. Qxd7 {Black resigns} 1-0

[Event "FICS rated lightning game"]
[Site "FICS freechess.org"]
[FICSGamesDBGameNo "20000246"]
[White "newfisher"]
[Black "rusty"]
[WhiteElo "1853"]
[BlackElo "2051"]
[WhiteRD "na"]
[BlackRD "na"]
[TimeControl "60+0"]
[Date "1999.03.02"]
[Time "10:34:00"]
[WhiteClock "0:01:00.000"]
[BlackClock "0:01:00.000"]
[ECO "D04"]
[PlyCount "59"]
[Result "1-0"]

1. d4 c6 2. Nf3 d5 3. e3 Nf6 4. Be2 Bg4 5. h3 Bh5 6. g4 Bg6 7. Ne5 e6 8. h4 Be4 9. f3 Nxg4 10. fxe4 Nxe5 11. dxe5 Qc7 12. exd5 Qxe5 13. dxe6 Qg3+ 14. Kf1 fxe6 15. Nd2 Nd7 16. Nf3 O-O-O 17. Rg1 Qh3+ 18. Ke1 Rg8 19. Bf1 Qf5 20. Bg2 Ne5 21. Qe2 Bc5 22. Nxe5 Qxe5 23. Rf1 Qg3+ 24. Rf2 Rgf8 25. Bd2 Rf6 26. Bf3 Rdf8 27. Kd1 Rxf3 28. Qxf3 Qg1+ 29. Rf1 Rxf3 30. Ke2 {Black forfeits on time} 1-0

[Event "FICS rated blitz game"]
[Site "FICS freechess.org"]
[FICSGamesDBGameNo "20000245"]
[White "sck"]
[Black "Gendalf"]
[WhiteElo "1421"]
[BlackElo "1447"]
[WhiteRD "na"]
[BlackRD "na"]
[TimeControl "360+0"]
[Date "1999.03.02"]
[Time "09:09:00"]
[WhiteClock "0:06:00.000"]
[BlackClock "0:06:00.000"]
[ECO "C02"]
[PlyCount "71"]
[Result "1-0"]

1. e4 e6 2. d4 d5 3. e5 b6 4. Be3 Ba6 5. Bxa6 Nxa6 6. c3 Qd7 7. Nf3 c5 8. b3 Ne7 9. Nh4 Ng6 10. Bg5 cxd4 11. cxd4 Bb4+ 12. Nd2 h6 13. Nxg6 fxg6 14. Be3 O-O 15. O-O Rac8 16. a3 Bc3 17. Ra2 b5 18. b4 Bxd2 19. Qxd2 Rc6 20. Rc2 Rfc8 21. Rxc6 Rxc6 22. Rc1 Rc4 23. h3 Nc7 24. Ra1 Qc6 25. Qd1 Na8 26. Qg4 g5 27. Qh5 Nb6 28. h4 gxh4 29. Qxh4 Na4 30. Qd8+ Kh7 31. Qd6 Qe8 32. Qa6 Nc3 33. Qxa7 Ne4 34. Rc1 Rxc1+ 35. Bxc1 Qg6 36. Qe7 {Black forfeits on time} 1-0

[Event "FICS rated standard game"]
[Site "FICS freechess.org"]
[FICSGamesDBGameNo "20000244"]
[White "SludgePuppet"]
[Black "vint"]
[WhiteElo "1624"]
[BlackElo "1664"]
[WhiteRD "na"]
[BlackRD "na"]
[TimeControl "900+0"]
[Date "1999.03.02"]
[Time "07:24:00"]
[WhiteClock "0:15:00.000"]
[BlackClock "0:15:00.000"]
[ECO "C34"]
[PlyCount "56"]
[Result "0-1"]

1. e4 e5 2. f4 exf4 3. Nf3 Nc6 4. d4 d6 5. Bxf4 Nf6 6. Nc3 Be7 7. d5 Ne5 8. Nxe5 dxe5 9. Bxe5 O-O 10. Be2 h6 11. O-O Nh7 12. Bd4 Bf6 13. e5 Bg5 14. Bd3 b6 15. Bxh7+ Kxh7 16. Qd3+ Kg8 17. Be3 Re8 18. Bxg5 Qxg5 19. d6 cxd6 20. exd6 Qc5+ 21. Kh1 Rd8 22. Ne4 Qc6 23. Rae1 f5 24. Qb3+ Kh8 25. Ng3 Rxd6 26. Nxf5 Bb7 27. Re2 Rf8 28. Rff2 Rd1+ {White resigns} 0-1

[Event "FICS rated blitz game"]
[Site "FICS freechess.org"]
[FICSGamesDBGameNo "20000243"]
[White "MrButts"]
[Black "vha"]
[WhiteElo "1148"]
[BlackElo "1465"]
[WhiteRD "na"]
[BlackRD "na"]
[TimeControl "300+0"]
[Date "1999.03.01"]
[Time "19:39:00"]
[WhiteClock "0:05:00.000"]
[BlackClock "0:05:00.000"]
[ECO "B20"]
[PlyCount "63"]
[Result "1-0"]

1. e4 c5 2. Bc4 d6 3. Nc3 Nc6 4. Nf3 Nf6 5. h3 e5 6. d3 Be6 7. b3 Be7 8. Bxe6 fxe6 9. Ng5 O-O 10. Nxe6 Qd7 11. Nxf8 Rxf8 12. Nd5 Nxd5 13. exd5 Nd4 14. c3 Qf5 15. Be3 Nb5 16. g4 Qg6 17. Qe2 Nxc3 18. Qd2 Nxd5 19. O-O-O Nb4 20. a3 Nd5 21. g5 b5 22. h4 b4 23. axb4 cxb4 24. h5 Rc8+ 25. Kb2 Qe6 26. h6 g6 27. Rc1 Nc3 28. f4 exf4 29. Bxf4 Qd5 30. Rhe1 Kf7 31. Qe3 Qa5 32. Qxe7+ {Black resigns} 1-0

[Event "FICS rated standard game"]
[Site "FICS freechess.org"]
[FICSGamesDBGameNo "20000242"]
[White "Udjin"]
[Black "Pankrac"]
[WhiteElo "1731"]
[BlackElo "2014"]
[WhiteRD "na"]
[BlackRD "na"]
[TimeControl "900+0"]
[Date "1999.03.01"]
[Time "07:29:00"]
[WhiteClock "0:15:00.000"]
[BlackClock "0:15:00.000"]
[ECO "C41"]
[PlyCount "75"]
[Result "1-0"]

1. e4 e5 2. Nf3 d6 3. Nc3 f5 4. d3 f4 5. d4 Be7 6. dxe5 dxe5 7. Qxd8+ Bxd8 8. Nxe5 Bf6 9. Bxf4 Ne7 10. O-O-O O-O 11. Bc4+ Kh8 12. Nf7+ Kg8 13. Bxc7 Nbc6 14. Nd6+ Kh8 15. Nd5 Be5 16. Nxe7 Nxe7 17. Nf7+ Rxf7 18. Bxf7 Bxc7 19. Rd3 b6 20. Bd5 Rb8 21. f3 Nxd5 22. exd5 h6 23. d6 Bd8 24. Re1 Bd7 25. g3 Bf6 26. f4 Kg8 27. Ra3 a5 28. Rd3 Kf8 29. h4 Re8 30. Rxe8+ Kxe8 31. Re3+ Kd8 32. c4 g5 33. fxg5 hxg5 34. Rf3 Be5 35. hxg5 Bxd6 36. g6 Be6 37. g7 Bg8 38. Rf8+ {Black resigns} 1-0

[Event "FICS rated blitz game"]
[Site "FICS freechess.org"]
[FICSGamesDBGameNo "20000241"]
[White "karhu"]
[Black "WolfChess"]
[WhiteElo "1029"]
[BlackElo "1720"]
[WhiteRD "na"]
[BlackRD "na"]
[TimeControl "180+12"]
[Date "1999.02.28"]
[Time "13:37:00"]
[WhiteClock "0:03:00.000"]
[BlackClock "0:03:00.000"]
[ECO "C65"]
[PlyCount "116"]
[Result "0-1"]

1. e4 e5 2. Nf3 Nc6 3. Bb5 Nf6 4. O-O Bd6 5. Re1 b6 6. c3 O-O 7. Bxc6 dxc6 8. d4 Re8 9. Bg5 h6 10. Bxf6 Qxf6 11. Nbd2 exd4 12. cxd4 Bg4 13. Rc1 Bf4 14. h3 Bxd2 15. Qxd2 Bxf3 16. d5 Bh5 17. Rxc6 Qe7 18. f3 Rad8 19. g4 Bg6 20. Qf4 Rd6 21. h4 Rxc6 22. dxc6 Qc5+ 23. Kg2 f6 24. Rc1 Qe7 25. Rc4 Bf7 26. Ra4 Ra8 27. Qc1 Bb3 28. Rd4 Bxa2 29. Qd2 Rd8 30. Qc3 Rxd4 31. Qxd4 Be6 32. e5 fxe5 33. Qxe5 Kf8 34. Kg3 g5 35. h5 Kf7 36. f4 a5 37. f5 Bc8 38. Qd5+ Kf6 39. Qd4+ Qe5+ 40. Qxe5+ Kxe5 41. Kf3 Bxf5 42. b3 Be4+ 43. Ke3 Bc2 44. Kd2 Bxb3 45. Kc3 Bd1 46. Kc4 Bxg4 47. Kb5 Bxh5 48. Ka6 Kd6 49. Kb7 g4 50. Ka6 g3 51. Kb7 g2 52. Ka6 g1=Q 53. Kb7 Bg4 54. Ka6 Qf1+ 55. Kb7 Qf8 56. Ka6 Bc8+ 57. Kb5 Qf5+ 58. Kc4 b5+ {White resigns} 0-1

[Event "FICS rated blitz game"]
[Site "FICS freechess.org"]
[FICSGamesDBGameNo "20000240"]
[White "olivercbc"]
[Black "forsslund"]
[WhiteElo "957"]
[BlackElo "1339"]
[WhiteRD "na"]
[BlackRD "na"]
[TimeControl "300+12"]
[Date "1999.02.28"]
[Time "12:55:00"]
[WhiteClock "0:05:00.000"]
[BlackClock "0:05:00.000"]
[ECO "C47"]
[PlyCount "74"]
[Result "0-1"]

1. e4 e5 2. Nf3 Nf6 3. Nc3 Nc6 4. d4 exd4 5. Nxd4 Qe7 6. Nf5 Qe6 7. Bd3 Bb4 8. O-O O-O 9. a3 Bxc3 10. bxc3 Nxe4 11. Qf3 Nd6 12. Qg4 Nxf5 13. Bd2 Nh6 14. Rae1 Nxg4 15. Rxe6 dxe6 16. f3 Nf6 17. Re1 e5 18. g3 Bd7 19. f4 exf4 20. gxf4 Rfe8 21. Rxe8+ Rxe8 22. Bb5 Ne4 23. Be3 a6 24. Bxc6 Bxc6 25. c4 Ba4 26. c3 Nxc3 27. Kf2 Nd1+ 28. Ke2 Rxe3+ 29. Kd2 Rxa3 30. Kc1 b5 31. c5 b4 32. Kb1 Rc3 33. Ka2 h5 34. Kb1 Bc2+ 35. Kc1 b3 36. Kd2 b2 37. c6 b1=Q {White resigns} 0-1

[Event "FICS rated blitz game"]
[Site "FICS freechess.org"]
[FICSGamesDBGameNo "20000239"]
[White "mattsson"]
[Black "MrMeow"]
[WhiteElo "1318"]
[BlackElo "1243"]
[WhiteRD "na"]
[BlackRD "na"]
[TimeControl "240+5"]
[Date "1999.02.27"]
[Time "15:24:00"]
[WhiteClock "0:04:00.000"]
[BlackClock "0:04:00.000"]
[ECO "A04"]
[PlyCount "59"]
[Result "1-0"]

1. Nf3 Nc6 2. c4 e5 3. d3 Nf6 4. g3 Nd4 5. Bg2 Rb8 6. Bg5 b6 7. Nc3 Bb7 8. O-O Be7 9. Nxe5 d6 10. Nf3 Qd7 11. Nxd4 Bxg2 12. Kxg2 c5 13. Nf3 h6 14. Bxh6 Rxh6 15. Qa4 Qxa4 16. Nxa4 Kd7 17. h3 Rbh8 18. h4 Ng4 19. Nh2 Nxh2 20. Kxh2 g5 21. Rh1 gxh4 22. gxh4 Rxh4+ 23. Kg2 Rg8+ 24. Kf3 Rhg4 25. e4 Ke6 26. Nc3 Ke5 27. Nd5 Bg5 28. Rhg1 Rf4+ 29. Nxf4 Kf6 30. Nd5+ {Black resigns} 1-0

[Event "FICS rated blitz game"]
[Site "FICS freechess.org"]
[FICSGamesDBGameNo "20000238"]
[White "Booo"]
[Black "ramrod"]
[WhiteElo "1228"]
[BlackElo "1252"]
[WhiteRD "na"]
[BlackRD "na"]
[TimeControl "240+0"]
[Date "1999.02.27"]
[Time "14:59:00"]
[WhiteClock "0:04:00.000"]
[BlackClock "0:04:00.000"]
[ECO "D20"]
[PlyCount "51"]
[Result "1-0"]

1. d4 d5 2. c4 dxc4 3. e3 e6 4. Bxc4 Nc6 5. Nf3 Nf6 6. Nc3 Bb4 7. a3 Ba5 8. b4 Bb6 9. a4 a5 10. Bb5 Bd7 11. Bxc6 Bxc6 12. b5 Bd7 13. Ba3 c6 14. Ne5 cxb5 15. Nxd7 Qxd7 16. axb5 Rc8 17. Rc1 a4 18. Nxa4 Ba5+ 19. Kf1 Qxb5+ 20. Kg1 Rxc1 21. Qxc1 Qxa4 22. Qc8+ Bd8 23. Qc1 Nd7 24. g3 Nb6 25. Bc5 Nc4 26. Kg2 {Black forfeits on time} 1-0